AoeStats
← pain

Fortress

509729063Analyzed
4v4 RM · 3d ago on Sep 27, 2026· 60m 25s· 8 players
Game mode
Random Map
Map size
Huge
Population
200
Speed
Normal
Resources
Standard
Victory
Conquest
Starting age
Dark Age
Ending age
Imperial Age
RankedLock teamsTeams togetherTeam positionsShared explorationLock speedFull tech treeHidden civsTurbo modeCheats
Victory
Defeat
🇨🇴 Poles · Colombia
1187
+14
🇩🇪 Bohemians · Germany
1169
+15
🇺🇸 Magyars · United States
1169
+15
🇹🇷 Byzantines · Türkiye
1146
+27
🇦🇷 Tatars · Argentina
1200
-16
🇫🇷 Persians · France
1144
-15
🇬🇧 Shu · United Kingdom
1134
-15
🇮🇳 Mongols · India
1131
-14
Apoptosis
7:41 Feudal Age
11:35 Castle Age
9:56 Double-Bit Axe
13:02 Bow Saw
13:05 Horse Collar
21:29 Wheelbarrow
21:48 Wheelbarrow
21:53 Heavy Plow
25:33 Imperial Age
23:16 Fletching
23:26 Padded Archer Armor
24:13 Bodkin Arrow
24:46 Bloodlines
25:13 Leather Archer Armor
25:19 Loom
25:50 Hand Cart
26:24 Ballistics
26:45 Parthian Tactics
26:28 Bracer
34:38 Thumb Ring
35:16 Ring Archer Armor
35:09 Heavy Cavalry Archer
38:32 Thumb Ring
40:36 Recurve Bow
42:13 Chemistry
42:40 Light Cavalry
43:27 Scale Barding Armor
45:34 Chain Barding Armor
45:33 Hussar
48:02 Plate Barding Armor
48:14 Corvinian Army
48:58 Elite Magyar Huszar
50:06 Conscription
52:30 Capped Ram
tHeDesiRe
7:15 Feudal Age
11:36 Castle Age
9:27 Double-Bit Axe
12:57 Bow Saw
15:02 Horse Collar
19:24 Wheelbarrow
18:35 Town Watch
18:35 Loom
19:21 Heavy Plow
22:36 Ballistics
22:42 Fletching
23:25 Hand Cart
23:10 Town Patrol
27:04 Imperial Age
25:31 Scale Mail Armor
25:34 Squires
27:48 Chemistry
26:59 Masonry
26:45 Murder Holes
27:40 Bodkin Arrow
28:00 Chain Mail Armor
27:15 Pikeman
29:05 Conscription
28:21 Halberdier
31:14 Plate Mail Armor
30:54 Forging
30:59 Caravan
32:30 Arson
32:39 Houfnice
35:04 Bracer
35:39 Iron Casting
35:52 Architecture
35:27 Siege Engineers
35:59 Wagenburg Tactics
36:56 Elite Hussite Wagon
45:27 Blast Furnace
48:35 Two-Man Saw
55:45 Elite Skirmisher
60:52 Coinage
santiagogp2093
8:10 Feudal Age
12:52 Castle Age
10:39 Horse Collar
10:47 Double-Bit Axe
14:36 Wheelbarrow
14:17 Heavy Plow
16:42 Hand Cart
17:35 Szlachta Privileges
19:05 Bow Saw
25:45 Imperial Age
24:36 Loom
25:21 Scale Barding Armor
25:26 Forging
26:43 Bloodlines
27:29 Lechitic Legacy
27:31 Conscription
27:55 Scale Mail Armor
28:30 Iron Casting
28:20 Chain Barding Armor
27:46 Cavalier
28:26 Husbandry
35:07 Crop Rotation
36:21 Blast Furnace
46:40 Gold Mining
47:00 Caravan
56:24 Light Cavalry
58:18 Winged Hussar
pain
8:21 Feudal Age
9:00 Double-Bit Axe
11:02 Horse Collar
13:23 Wheelbarrow
15:52 Castle Age
13:50 Fletching
14:00 Padded Archer Armor
14:56 Scale Barding Armor
17:32 Heavy Plow
18:26 Husbandry
28:51 Imperial Age
26:40 Hand Cart
29:08 Chain Barding Armor
28:59 Forging
28:49 Scale Mail Armor
29:02 Fortified Wall
28:48 Murder Holes
29:15 Ballistics
28:35 Treadmill Crane
29:42 Bow Saw
30:12 Coinage
29:19 Cavalier
31:16 Guard Tower
32:28 Chemistry
30:54 Paladin
32:23 Crop Rotation
33:53 Caravan
34:24 Banking
34:57 Plate Barding Armor
38:03 Keep
40:39 Chain Mail Armor
40:59 Iron Casting
45:53 Banking
45:38 Guilds
50:38 Two-Man Saw
54:27 Elite Varangian Guard
59:52 Plate Mail Armor
59:57 Iron Casting
KKUSH-PANIER
6:01 Loom
8:06 Feudal Age
8:38 Double-Bit Axe
14:08 Castle Age
13:14 Horse Collar
13:28 Gold Mining
15:01 Bow Saw
16:32 Heavy Plow
19:21 Wheelbarrow
25:13 Imperial Age
22:53 Town Watch
23:51 Hand Cart
24:18 Kamandaran
24:31 Fletching
24:42 Padded Archer Armor
25:19 Bodkin Arrow
24:47 Crossbowman
26:48 Two-Man Saw
27:19 Conscription
27:13 Scale Barding Armor
27:19 Forging
28:40 Chemistry
28:24 Thumb Ring
29:43 Ballistics
29:43 Leather Archer Armor
32:27 Caravan
49:00 Ring Archer Armor
Alex
7:30 Feudal Age
11:48 Castle Age
9:37 Double-Bit Axe
11:07 Horse Collar
12:06 Loom
19:59 Wheelbarrow
20:27 Bow Saw
25:59 Imperial Age
24:54 Bloodlines
24:45 Husbandry
24:56 Fletching
25:07 Padded Archer Armor
25:31 Town Watch
26:05 Gold Mining
27:22 Conscription
26:40 Capped Ram
28:16 Bodkin Arrow
31:35 Drill
32:42 Bracer
34:39 Chemistry
34:00 Ballistics
33:47 Siege Engineers
34:21 Leather Archer Armor
36:18 Caravan
37:50 Elite Mangudai
40:25 Heavy Plow
41:46 Hoardings
41:26 Fortified Wall
44:22 Thumb Ring
45:19 Parthian Tactics
50:46 Siege Ram
53:25 Murder Holes
55:27 Guard Tower
57:27 Masonry
Natty_Longshanks
8:35 Feudal Age
9:39 Double-Bit Axe
12:53 Castle Age
11:08 Double-Bit Axe
11:04 Horse Collar
14:21 Bow Saw
14:56 Heavy Plow
15:51 Loom
19:07 Gold Mining
19:09 Stone Mining
20:37 Gold Shaft Mining
21:20 Wheelbarrow
20:33 Town Watch
22:59 Hand Cart
26:16 Imperial Age
24:41 Crossbowman
25:13 Fletching
25:23 Padded Archer Armor
25:27 Scale Mail Armor
25:40 Forging
25:51 Thumb Ring
27:03 Bodkin Arrow
27:39 Conscription
26:58 Arbalester
27:59 Leather Archer Armor
28:52 Bracer
30:21 Chemistry
30:51 Bolt Magazine
31:17 Ballistics
32:36 Two-Man Saw
33:06 Masonry
33:09 Pikeman
33:50 Squires
33:36 Gambesons
33:37 Arson
34:00 Halberdier
34:59 Chain Mail Armor
35:16 Ring Archer Armor
35:57 Hoardings
38:13 Plate Mail Armor
38:16 Architecture
37:52 Siege Engineers
39:27 Onager
41:30 Scale Barding Armor
45:03 Caravan
46:06 Elite Skirmisher
51:24 Capped Ram
53:01 Coinage
53:02 Siege Ram
GranateCampeón
7:58 Feudal Age
10:05 Double-Bit Axe
10:16 Horse Collar
13:16 Castle Age
11:12 Gold Mining
12:21 Wheelbarrow
13:42 Fletching
13:52 Padded Archer Armor
14:19 Bow Saw
14:50 Gold Shaft Mining
15:06 Heavy Plow
16:56 Bodkin Arrow
17:18 Loom
17:43 Husbandry
20:04 Leather Archer Armor
21:27 Ballistics
21:36 Hand Cart
21:06 Town Watch
24:20 Stone Mining
29:30 Imperial Age
29:35 Heavy Cavalry Archer
31:19 Chemistry
30:20 Bracer
30:50 Ring Archer Armor
30:42 Conscription
34:49 Light Cavalry
35:40 Bloodlines
35:43 Forging
35:38 Scale Barding Armor
39:52 Caravan
41:01 Iron Casting
40:46 Chain Barding Armor
41:01 Iron Casting
40:46 Chain Barding Armor
40:59 Hussar
42:48 Blast Furnace
42:53 Masonry
42:39 Murder Holes
42:45 Cavalier
50:30 Plate Barding Armor
58:07 Timurid Siegecraft
Connection lost

Rejoining the realm…

Still unreachable

The connection could not be restored.

Session expired

The server has moved on; the page needs a fresh start.